 Dungeon Crawl Stone Soup version 0.30-a0-465-g8901f6c8b5 (webtiles) character file.

Game seed: 16945565505121568477

53 JoshKwa the Firebug (level 3, -1/27 HPs)
             Began as a Draconian Fire Elementalist on Dec 17, 2022.
             Killed from afar by Sigmund (2 damage)
             ... with a puff of flame
             ... on level 2 of the Dungeon.
             The game lasted 00:08:48 (1752 turns).

JoshKwa the Firebug (Draconian Fire Elementalist)   Turns: 1752, Time: 00:08:49

Health: -1/27      AC:  5    Str: 10    XL:     3   Next: 62%
Magic:  0/6        EV: 12    Int: 17    God:
Gold:   174        SH:  0    Dex: 11    Spells: 4/7 levels left

rFire   + . .      SeeInvis +    b - +0 dagger
rCold   + + .      Faith    .    (no shield)
rNeg    . . .      Spirit   .    (body armour unavailable)
rPois   +          Reflect  .    (helmet restricted)
rElec   +          Harm     .    (no cloak)
rCorr   +          Rampage  .    (no gloves)
Will    .....                    (no boots)
Stlth   ++........               (no amulet)
HPRegen 0.24/turn                g - ring of protection from cold
MPRegen 0.10/turn                a - ring of see invisible

@: resistant, flying
A: AC +5, unfitting armour, cold-blooded
a: no special abilities


You were on level 2 of the Dungeon.
You visited 1 branch of the dungeon, and saw 2 of its levels.

You collected 174 gold pieces.

Inventory:

Hand Weapons
 b - a +0 dagger (weapon)
Jewellery
 a - a ring of see invisible (right hand)
 g - a ring of protection from cold (left hand)
Scrolls
 c - a scroll of identify


   Skills:
 + Level 0.5 Fighting
 + Level 0.1 Short Blades
 + Level 2.0 Dodging
 + Level 2.2 Stealth
 + Level 2.5 Spellcasting
 + Level 1.2 Conjurations
 + Level 3.5 Fire Magic


You had 4 spell levels left.
You knew the following spells:

 Your Spells              Type           Power      Damage    Failure   Level
a - Foxfire               Conj/Fire      40%        2x1d6     7%          1
b - Scorch                Fire           28%        2d6       6%          2

Your spell library contained the following spells:

 Spells                   Type           Power      Damage    Failure   Level
 Inner Flame              Hex/Fire       8%         N/A       26%         3
 Kindle Blastsparks       Fire/Tloc/Air  12%        2d11      32%         3
 Flame Wave               Conj/Fire      10%        2d6       56%         4
 Summon Forest            Summ/Tloc      1%         N/A       99%         5
 Eringya's Noxious Bog    Tmut/Pois      1%         N/A       100%        6
 Summon Hydra             Summ           1%         N/A       100%        7


Dungeon Overview and Level Annotations

Branches:
Dungeon (2/15)

Altars:

Annotations:
D:2 Sigmund


Innate Abilities, Weirdness & Mutations

Your plain brown scales are hard. (AC +5)
You cannot fit into any form of body armour.
You are cold-blooded and may be slowed by cold attacks.


Message History

The foxfire hits Sigmund.
Sigmund is lightly wounded.
It was a potion of flight.
You feel very buoyant.
You fly up into the air.
Sigmund closely misses you.
It was a potion of resistance.
You feel protected.
Sigmund hits you from afar with a +0 scythe!
As you read the scroll labelled NUTIONAUBEO, it crumbles to dust.
It is a scroll of identify.
You don't have any unidentified items.
Casting: Foxfire (safe; 7% risk of failure)
Confirm with . or Enter, or press ? or * to list all spells.
You conjure some foxfire!
Sigmund points at you and mumbles some strange words.
The puff of flame hits you. You resist.
The foxfire hits Sigmund.
Sigmund is moderately wounded.
The foxfire hits Sigmund.
Sigmund is moderately wounded.
Sigmund looks at you with fury.
Casting: Foxfire (safe; 7% risk of failure)
Confirm with . or Enter, or press ? or * to list all spells.
You conjure some foxfire!
Sigmund closely misses you.
Your foxfire dissipates!
The foxfire hits Sigmund.
Sigmund is heavily wounded.
Sigmund points at you and mumbles some strange words.
The magic dart hits you.
* * * LOW HITPOINT WARNING * * *
You reach down and open the door.
Sigmund breathes a few words.
Sigmund's hands start flickering wildly.
Sigmund casts a spell at you. The magic dart hits you.
* * * LOW HITPOINT WARNING * * *
Found 7 stones.
Found a stone staircase leading down.
Sigmund casts a spell at you. The puff of flame hits you. You resist.
You die...

.#.....#........#....#
.##..#.#...###.†..#
..#..#...####.....##
..##...###.###.....#
.....### #......@.##
.#### #######.## ##
#.# #.# #.# #.# #.#
#@# ####.### #...# .>
....# #.....#
.###.#.## #>..(...#
.##.....####.........#
...........+.........+
........####.........#
##...#.## ##.......##
........#


You could see Sigmund.

Vanquished Creatures
  2 dart slugs
  5 endoplasms
  A giant cockroach (D:1)
  2 goblins
  5 hobgoblins
  3 jackals (D:2)
  8 kobolds
  2 quokkas
  4 ball pythons
  6 bats
  2 frilled lizards (D:1)
  6 rats
46 creatures vanquished.

Vanquished Creatures (others)
  103 foxfires
103 creatures vanquished.

Grand Total: 149 creatures vanquished

Notes
Turn   | Place    | Note
-------+----------+-------------------------------------------
     0 | D:1      | JoshKwa the Draconian Fire Elementalist began the quest for
                  | the Orb.
     0 | D:1      | Reached XP level 1. HP: 14/14 MP: 3/3
   734 | D:1      | Reached XP level 2. HP: 20/20 MP: 0/5
  1215 | D:2      | Reached XP level 3. HP: 25/26 MP: 0/6
  1590 | D:2      | Learned a level 2 spell: Scorch
  1735 | D:2      | Noticed Sigmund
  1751 | D:2      | HP: 1/27 [Sigmund/magic dart (6)]
  1752 | D:2      | Killed from afar by Sigmund

Illustrated notes

Levels and vault maps discovered:
D:1:      nzn_arrival_settlement, layout_basic
D:2:      minmay_skewed_foursquare, layout_loops_corners, kennysheep_potato,
          uniq_sigmund

Skill      XL: |  1  2 |
---------------+-------+-----
Stealth        | 2 |  2.2
Dodging        | 2 |  2.0
Fighting       | |  0.5
Short Blades   | |  0.1
Spellcasting   | |  2.5
Conjurations   | |  1.2
Fire Magic     | |  3.5

Action                   || total
-------------------------++-------
Melee: Dagger            ||    39
       Tailslap          ||     6
 Cast: Foxfire           ||    64
  Use: Potion            ||     5
       Scroll            ||     3
Armor: Skin              ||    40
Dodge: Dodged            ||    71

Table legend: (Time is in decaauts)
 A = Elapsed time spent in this place.
 B = Non-inter-level travel time spent in this place.
 C = Inter-level travel time spent in this place.
 D = Time resting spent in this place.
 E = Time spent auto-exploring this place.
 F = Levels seen in this place.
 G = Mean time per level.
                   A        B        C        D        E       F      G
               +--------+--------+--------+--------+--------+-----+--------+
         Total |   1750 |   1534 |    216 |    449 |      0 |   2 |  875.0 |
       Dungeon |   1750 |   1534 |    216 |    449 |      0 |   2 |  875.0 |
               +--------+--------+--------+--------+--------+-----+--------+

Top non-repeatable levels by time:
     D:1: 1205 daAuts
     D:2: 544 daAuts
